 Dungeon Crawl Stone Soup version 0.31-a0-240-gb923e448b6 (webtiles) character file.

Game seed: 7738027646007670575

49 qw the Shooter (level 3, 0/21 HPs)
             Began as a Gargoyle Hexslinger on July 11, 2023.
             Slain by an endoplasm (3 damage)
             ... on level 2 of the Dungeon.
             The game lasted 00:00:27 (1098 turns).

qw the Shooter (Gargoyle Hexslinger)                Turns: 1098, Time: 00:00:27

Health: 0/21       AC:  6    Str: 11    XL:     3   Next: 77%
Magic:  0/4        EV: 11    Int: 13    God:
Gold:   126        SH:  0    Dex: 14    Spells: 3/4 levels left

rFire   . . .        Y - +1 sling
rCold   . . .        (no shield)
rNeg    + . .        f - +0 leather armour
rPois   inf          (no helmet)
rElec   +            (no cloak)
rCorr   .            (no gloves)
SInv    .            (no boots)
Will    .....        d - amulet of guardian spirit
Stlth   +            (no ring)
HPRegen 0.23/turn    (no ring)
MPRegen 0.09/turn

%: guardian spirit
@: no status effects
A: sickness immunity, AC +3, negative energy resistance 1, electricity
resistance, torment resistance 1, petrification resistance
a: no special abilities


You were on level 2 of the Dungeon.
You visited 1 branch of the dungeon, and saw 2 of its levels.

You collected 126 gold pieces.


Innate Abilities, Weirdness & Mutations

You are immune to sickness and miasma.
Your stone body is resilient. (AC +3)
You are immune to poison.
You resist negative energy. (rN+)
You are resistant to electric shocks. (rElec)
You are resistant to unholy torment.
You are immune to petrification.


   Skills:
 - Level 2.0 Fighting
 + Level 3.6 Ranged Weapons
 - Level 1.5 Dodging
 - Level 1.0 Spellcasting
 - Level 2.6 Hexes


You had 3 spell levels left.
You knew the following spells:

 Your Spells              Type           Power      Damage    Failure   Level
a - Slow                  Hex            28%        N/A       12%         1

Your spell library contained the following spells:

 Spells                   Type           Power      Damage    Failure   Level
 Inner Flame              Hex/Fire       4%         N/A       54%         3
 Portal Projectile        Hex/Tloc       8%         N/A       54%         3
 Cause Fear               Hex            3%         N/A       77%         4

Inventory:

Hand Weapons
 Y - a +1 sling (weapon)
Armour
 f - a +0 leather armour (worn)
Jewellery
 d - an amulet of guardian spirit (around neck)
Potions
 e - a potion of attraction {unknown}
 g - a potion of curing {unknown}

Dungeon Overview and Level Annotations

Branches:
Dungeon (2/15)

Altars:

Shops:
D:2 =


Message History

The sling bullet hits the giant cockroach.
You kill the giant cockroach!
The adder barely misses you.
The frilled lizard bites you but does no damage.
The adder barely misses you.
You shoot a sling bullet.
The sling bullet barely misses the adder.
The adder misses you.
The frilled lizard bites you but does no damage.
The endoplasm hits you. The endoplasm barely misses you. The adder bites you.
The frilled lizard bites you but does no damage.
You shoot a sling bullet. The sling bullet misses the adder.
The adder bites you but does no damage. The endoplasm closely misses you.
The frilled lizard hisses.
The frilled lizard bites you but does no damage.
You shoot a sling bullet. The sling bullet hits the adder!
The adder is heavily wounded.
The adder bites you.
The frilled lizard bites you but does no damage.
The endoplasm barely misses you. The adder bites you.
You shoot a sling bullet. The sling bullet hits the adder.
The adder is almost dead.
The adder bites you but does no damage.
The frilled lizard bites you but does no damage.
The endoplasm closely misses you. The adder bites you but does no damage.
The endoplasm closely misses you. The frilled lizard barely misses you.
You shoot a sling bullet. The sling bullet hits the adder.
You kill the adder!
The frilled lizard closely misses you. The endoplasm freezes you.
You are frozen.
You shoot a sling bullet.
The sling bullet hits the frilled lizard.
You kill the frilled lizard!
The endoplasm freezes you.
You are frozen.
You shoot a sling bullet. The sling bullet hits the endoplasm.
The endoplasm is moderately wounded.
The endoplasm hits you.
You die...

......###...##.#......#.#
......+...}..#####.......#
......##.}\}.##..#.......#
..:...##..}...'..#.......#
......###...####.#.......#
......# #.### #.#
####.####'# #.#
..........######.#######
................@%$.....
.........#######[J......
.........# #........
.........# #........
########## #........
#...).... #........
.........


You could see an endoplasm.

Vanquished Creatures
  An adder (D:2)
  2 dart slugs (D:1)
  2 endoplasms (D:1)
  2 giant cockroaches
  3 goblins
  5 hobgoblins
  3 kobolds (D:1)
  A quokka (D:2)
  4 ball pythons (D:1)
  6 bats
  4 frilled lizards
  3 rats
36 creatures vanquished.

Notes
Turn   | Place    | Note
-------+----------+-------------------------------------------
     0 | D:1      | qw the Gargoyle Hexslinger began the quest for the Orb.
     0 | D:1      | Reached XP level 1. HP: 12/12 MP: 2/2
     0 | D:1      | 0 ||| qw: Version: 0.3-a-52-g30416fa
     0 | D:1      | 0 ||| qw: Game counter: 6132
     0 | D:1      | 0 ||| qw: Melee chars always use a shield: true
     0 | D:1      | 0 ||| qw: God list: Okawaru
     0 | D:1      | 0 ||| qw: Allow faded altars: false
     0 | D:1      | 0 ||| qw: Do Orc after clearing Dungeon:15 true
     0 | D:1      | 0 ||| qw: Do second Lair branch before Depths: true
     0 | D:1      | 0 ||| qw: Lair rune preference: random
     0 | D:1      | 0 ||| qw: Goals: Normal
     0 | D:1      | 0 ||| PLANNING D:1-11
    83 | D:1      | Reached XP level 2. HP: 16/16 MP: 3/3
   192 | D:1      | Reached skill level 3 in Ranged Weapons
   261 | D:1      | 261 ||| FLEEEEING.
   262 | D:1      | 262 ||| FLEEEEING.
   388 | D:1      | Reached XP level 3. HP: 21/21 MP: 4/4
   677 | D:1      | 677 ||| UPGRADING to +0 leather armour.
   687 | D:1      | 687 ||| DROPPING +0 robe.
   688 | D:1      | 688 ||| UPGRADING to amulet of guardian spirit.
   693 | D:1      | 693 ||| READING 2 scrolls labelled HORIOPL FAWOIG.
   697 | D:1      | 697 ||| DROPPING scroll of poison.
   747 | D:2      | HP: 2/21 [worm (5)]
   748 | D:2      | 748 ||| READING scroll of teleportation.
   912 | D:2      | Found Vuud's Jewellery Shop.
   918 | D:2      | 918 ||| SHOPLISTING +4 ring of protection (432 gold, have
                  | 107).
   918 | D:2      | 918 ||| SHOPLISTING ring of fire (300 gold, have 107).
   918 | D:2      | 918 ||| SHOPLISTING ring of positive energy (240 gold, have
                  | 107).
   918 | D:2      | 918 ||| SHOPLISTING ring of protection from fire (300 gold,
                  | have 107).
   918 | D:2      | 918 ||| SHOPLISTING ring of resist corrosion (240 gold,
                  | have 107).
   918 | D:2      | 918 ||| SHOPLISTING ring of see invisible (180 gold, have
                  | 107).
  1096 | D:2      | HP: 4/21 [frozen (4)]
  1098 | D:2      | Slain by an endoplasm

Levels and vault maps discovered:
D:1:      minmay_arrival_split_and_join, layout_basic
D:2:      layout_basic, serial_shops, nicolae_shop_rolling_square

Skill      XL: |  1  2 |
---------------+-------+-----
Ranged Weapons | 3 |  3.6
Fighting       | 2 |  2.0
Dodging        | |  1.5
Spellcasting   | |  1.0
Hexes          | |  2.6

Action                     || total
---------------------------++-------
   Fire: Sling             ||   109
    Use: Scroll            ||     2
 Armour: Robe              ||    11
         Leather armour    ||    22
  Dodge: Dodged            ||    52

Table legend:
 A = Non-vault XP
 B = Vault XP
 C = Vault XP percentage of total XP
 D = Non-vault monster count
 E = Vault monster count
 F = Vault count percentage of total count
                 A         B        C        D         E       F
            +---------+---------+-------+---------+---------+-------
      Total |      71 |       0 |   0.0 |      36 |       0 |   0.0
            +---------+---------+-------+---------+---------+-------
        D:1 |      43 |       0 |   0.0 |      25 |       0 |   0.0
        D:2 |      28 |       0 |   0.0 |      11 |       0 |   0.0
            +---------+---------+-------+---------+---------+-------
